Map: Deathaura LE

Players

DisK - Winner!

  • Race: Protoss Protoss
  • Spawn Location: 11:00

PiLiPiLi

  • Race: Protoss Protoss
  • League: Grandmaster
  • Spawn Location: 5:00

Event: DreamHack SC2 Masters 2020 Winter

VOD

Have the link to the VOD?

Description

Time

  • Played on: Oct. 31, 2020, 3:37 p.m.
  • Length: 4:50

All games in this series

Show
View Real Time Build Order
Export as new Build Order

DisK Protoss - Winner!

Build Orders:  

Get SALT Encoding   

  12  0:00  Probe  
  13  0:12  Probe  
  14  0:17  Pylon  
  14  0:24  Probe  
  15  0:35  Gateway  
  15  0:37  Probe (Chrono Boost)  
  16  0:46  Assimilator, Probe (Chrono Boost)  
  17  0:51  Probe  
  17  0:54  Assimilator  
  18  1:03  Probe (Chrono Boost)  
  19  1:09  Gateway  
  19  1:13  Probe (Chrono Boost)  
  20  1:20  Probe  
  20  1:23  Cybernetics Core  
  21  1:32  Probe  
  22  1:34  Pylon  
  22  1:44  Probe  
  23  1:56  Warp Gate (Chrono Boost)  
  23  1:59  Stalker x2  
  27  2:11  Pylon  
  27  2:28  Stalker  
  27  2:29  Stalker  
  31  2:34  Gateway  
  31  2:38  Gateway  
  31  2:52  Pylon  
  35  3:16  Shield Battery  
  31  3:28  Shield Battery  
  31  3:32  Stalker x3  
  31  3:33  Stalker  
  39  3:49  Shield Battery  
  39  4:09  Stalker x4  
  47  4:19  Shield Battery  
  45  4:34  Stalker  
  47  4:41  Pylon  
Show
View Real Time Build Order
Export as new Build Order

PiLiPiLi Protoss 

Build Orders: 1 Gate Expand, Proxy Void Ray 

Get SALT Encoding   

  12  0:00  Probe  
  13  0:12  Probe  
  14  0:16  Pylon  
  14  0:25  Probe (Chrono Boost)  
  15  0:37  Probe (Chrono Boost)  
  15  0:38  Gateway  
  16  0:45  Probe (Chrono Boost)  
  16  0:46  Assimilator  
  17  0:51  Probe  
  18  1:03  Probe  
  19  1:15  Probe  
  20  1:21  Nexus  
  20  1:32  Cybernetics Core  
  20  1:36  Probe  
  21  1:41  Assimilator  
  21  1:48  Probe  
  21  1:51  Pylon  
  22  2:00  Probe  
  23  2:10  Stargate  
  23  2:13  Stalker (Chrono Boost)  
  25  2:17  Probe  
  26  2:24  Warp Gate (Chrono Boost)  
  26  2:30  Shield Battery  
  25  2:39  Stalker  
  27  2:51  Shield Battery  
  27  2:53  Void Ray (Chrono Boost)  
  31  3:09  Shield Battery  
  31  3:14  Stalker  
  31  3:19  Gateway  
  33  3:27  Shield Battery  
  33  3:31  Void Ray (Chrono Boost)  
  37  3:51  Pylon  
  37  3:54  Shield Battery  
  37  4:00  Stalker  
  37  4:26  Stalker  
  37  4:30  Zealot  
Tags
 
Add a new tag
Caveats
  • Supply blocks, unpowered buildings, or Contaminate may cause inaccurate times.
  • Supply counts are checked every 10 seconds.